 Dungeon Crawl Stone Soup version 0.29-a0-344-ge2f44be95a (webtiles) character file.

Game seed: 3280842792022428292

343 Majang the Slasher (level 6, 0/38 HPs)
             Began as a Tengu Gladiator on Apr 21, 2022.
             Slain by Duvessa
             ... wielding a +0 rapier
              (4 damage)
             ... on level 4 of the Dungeon.
             The game lasted 00:06:57 (3567 turns).

Majang the Slasher (Tengu Gladiator)                Turns: 3567, Time: 00:06:58

Health: 0/38       AC: 12    Str: 15    XL:     6   Next: 57%
Magic:  7/7        EV: 14    Int:  8    God:
Gold:   112        SH:  0    Dex: 17    Spells: 5/5 levels left

rFire   . . .      SeeInvis .   g - +6 great sword (protect)
rCold   . . .      Faith    .   (shield currently unavailable)
rNeg    . . .      Spirit   .   r - +0 ring mail
rPois   +          Reflect  .   c - +0 hat
rElec   .          Harm     .   (no cloak)
rCorr   .          Rampage  .   (no gloves)
Will    .....                   (boots unavailable)
Stlth   +.........              (no amulet)
HPRegen 0.12/turn               l - ring of poison resistance
MPRegen 0.10/turn               (no ring)

@: under a protective aura, flying quickly and evasively, quick
A: beak, talons 3, nimble flight
a: no special abilities


You were on level 4 of the Dungeon.
You visited 1 branch of the dungeon, and saw 4 of its levels.

You collected 112 gold pieces.

Inventory:

Hand Weapons
 a - a +0 long sword
 g - a +6 great sword of protection (weapon)
Missiles
 d - a throwing net (quivered)
 e - a javelin
Armour
 b - a +0 leather armour
 c - a +0 hat (worn)
 r - a +0 ring mail (worn)
Jewellery
 l - a ring of poison resistance (left hand)
 m - a ring of flight
Wands
 x - a wand of iceblast (2)
Scrolls
 f - 7 scrolls of identify {unknown}
 k - 2 scrolls of brand weapon {unknown}
 n - a scroll of fear {unknown}
Potions
 h - 2 potions of berserk rage {unknown}
 i - a potion of invisibility {unknown}
 j - 2 potions of ambrosia {unknown}
 q - a potion of brilliance {unknown}
 s - a potion of resistance {unknown}
 t - 3 potions of degeneration {unknown}
 w - a potion of mutation {unknown}


   Skills:
 + Level 4.0 Fighting
 * Level 6.4 Long Blades
 - Level 2.0 Throwing
 + Level 1.1 Armour
 + Level 3.6 Dodging


You had 5 spell levels left.
You didn't know any spells.
Your spell library contained the following spells:

 Spells                   Type           Power      Damage    Failure   Level
 Sandblast                Erth           0%         2d4       65%         1
 Slow                     Hex            0%         N/A       65%         1
 Passwall                 Tmut/Erth      0%         N/A       78%         2
 Confusing Touch          Hex            0%         N/A       95%         3
 Stone Arrow              Conj/Erth      0%         3d7       95%         3
 Vampiric Draining        Necr           0%         2d6       95%         3


Dungeon Overview and Level Annotations

Branches:
Dungeon (4/15)
 Temple: D:4-7

Altars:
Elyvilon
Sif Muna

Annotations:
D:4 Duvessa


Innate Abilities, Weirdness & Mutations

You have a beak for a mouth.
You have claws for feet.
Your magical nature lets you fly swiftly and evasively.


Message History

The puff of flame misses you.
Duvessa zaps a wand.
The puff of flame hits you. Dowan barely misses you.
You slice Dowan!!
Your weapon exudes an aura of protection.
Your kick misses Dowan.
Dowan is severely wounded.
Dowan misses you.
You slice Dowan!!
You kill Dowan!
Duvessa screams, "No!
How DARE you!"
Duvessa goes berserk!
Your Fighting skill increases to level 4!
Your Armour skill increases to level 1!
Throw: 2 throwing nets
Press: ? - help, Q - select action, (/) - cycle Shift-Dir - straight line, f - Duvessa
Aim: Duvessa, wielding a +0 rapier, wearing a +4 ring mail of poison resistance and carrying a wand of flame (13) (berserk, 70% to hit)
You throw a throwing net. The throwing net hits Duvessa.
Duvessa is caught in the net!
Duvessa struggles against the net.
You hit Duvessa. You peck Duvessa.
Duvessa is lightly wounded.
Duvessa struggles against the net. x2
The net rips apart, and Duvessa comes free!
You slash Duvessa! You claw Duvessa, but do no damage.
Duvessa is moderately wounded.
Duvessa hits you with a +0 rapier. Duvessa barely misses you.
You slash Duvessa! You peck Duvessa.
Duvessa is severely wounded.
Duvessa hits you with a +0 rapier. Duvessa closely misses you.
You hit Duvessa but do no damage. You claw Duvessa, but do no damage.
You peck Duvessa.
Duvessa is severely wounded.
Duvessa hits you with a +0 rapier! Duvessa hits you with a +0 rapier.
* * * LOW HITPOINT WARNING * * *
You hit Duvessa. You claw Duvessa.
Duvessa is almost dead.
Duvessa hits you with a +0 rapier!
* * * LOW HITPOINT WARNING * * *
Duvessa hits you with a +0 rapier.
You die...

......####.##
.....<........ ....
.....###...:.......
# ..... ..... ...
.. /.... !.....#
... ..... #.#.##..
..... ..... .....
########e## .....
....[.)@)<#
######....# #.####
... #.#. #.## #


You could see Duvessa (berserk).

Vanquished Creatures
  Sigmund (D:2)
  Dowan (D:4)
  Ijyb (D:3)
  Robin (D:3)
  2 adders (D:2)
  2 worms (D:2)
  2 dart slugs (D:2)
  An orc (D:3)
  3 ball pythons
  11 endoplasms
  5 giant cockroaches
  13 goblins
  7 hobgoblins
  2 jackals (D:2)
  A quokka (D:1)
  2 bats (D:1)
  2 frilled lizards
  6 kobolds
  3 rats
66 creatures vanquished.

Notes
Turn   | Place    | Note
-------+----------+-------------------------------------------
     0 | D:1      | Majang the Tengu Gladiator began the quest for the Orb.
     0 | D:1      | Reached XP level 1. HP: 12/12 MP: 2/2
   279 | D:1      | Reached XP level 2. HP: 14/17 MP: 3/3
   478 | D:1      | Reached skill level 4 in Long Blades
  1008 | D:2      | Reached XP level 3. HP: 22/22 MP: 4/4
  1219 | D:2      | Identified the +3 giant club of Uczici {venom, Int+7
                  | Stlth+}
  1566 | D:2      | Reached XP level 4. HP: 27/27 MP: 5/5
  1580 | D:2      | Found a faded altar of an unknown god.
  1738 | D:2      | Noticed Sigmund
  1749 | D:2      | Killed Sigmund
  1750 | D:2      | Reached skill level 6 in Long Blades
  1750 | D:2      | Gained mutation: Your magical nature lets you fly swiftly
                  | and evasively. [Tengu growth]
  1750 | D:2      | Reached XP level 5. HP: 18/33 MP: 6/6
  1856 | D:2      | Reached XP level 6. HP: 28/38 MP: 7/7
  2852 | D:3      | Noticed Robin
  2856 | D:3      | Killed Robin
  3108 | D:3      | Noticed Ijyb
  3123 | D:3      | Killed Ijyb
  3133 | D:3      | Found a white marble altar of Elyvilon.
  3167 | D:3      | Found a shimmering blue altar of Sif Muna.
  3409 | D:4      | Identified a scroll of acquirement
  3409 | D:4      | Acquired a +6 great sword of protection
  3409 | D:4      | Noticed Dowan
  3557 | D:4      | Noticed Duvessa
  3560 | D:4      | Killed Dowan
  3561 | D:4      | Reached skill level 1 in Armour
  3567 | D:4      | Slain by Duvessa

Illustrated notes

Levels and vault maps discovered:
D:1:      dpeg_arrival_water_temple_mockup, layout_loops_ring
D:2:      layout_loops_cross, ebering_ecumenical_altar_sacrificial,
          serial_bayou, serial_bayou_shore_a, serial_bayou_crossing,
          serial_bayou_pond_a, serial_bayou_ford_a, small_statue_intersection,
          minmay_pentomino_r2, uniq_sigmund
D:3:      layout_basic, mainiacjoe_overflow_two_lobes, nrook_mini_vaults,
          uniq_robin, uniq_ijyb
D:4:      layout_basic, minmay_temple_entry_drinking_statues,
          dk_rats_in_the_wall, uniq_duvessa

Skill      XL: |  1  2  3  4  5  6 |
---------------+-------------------+-----
Long Blades    | 4 6 |  6.4
Fighting       | 3 4 |  4.0
Armour         | 1 |  1.1
Throwing       | |  2.0
Dodging        | |  3.6

Action                   |  1- 3 |  4- 6 || total
-------------------------+-------+-------++-------
Melee: Long sword        |    65 |    76 ||   141
       Peck              |     8 |    15 ||    23
       Kick              |    10 |    23 ||    33
       Great sword       |       |     9 ||     9
       Punch             |       |     1 ||     1
Throw: Throwing net      |       |     3 ||     3
  Use: Scroll            |       |     5 ||     5
 Stab: Sleeping          |     4 |       ||     4
       Held in net/web   |       |     1 ||     1
Armor: Leather armour    |     8 |     2 ||    10
       Ring mail         |       |    15 ||    15
Dodge: Dodged            |    33 |    39 ||    72

Table legend: (Time is in decaauts)
 A = Elapsed time spent in this place.
 B = Non-inter-level travel time spent in this place.
 C = Inter-level travel time spent in this place.
 D = Time resting spent in this place.
 E = Time spent auto-exploring this place.
 F = Levels seen in this place.
 G = Mean time per level.
                   A        B        C        D        E       F      G
               +--------+--------+--------+--------+--------+-----+--------+
         Total |   3463 |   3407 |     56 |    747 |   2116 |   4 |  865.8 |
       Dungeon |   3463 |   3407 |     56 |    747 |   2116 |   4 |  865.8 |
               +--------+--------+--------+--------+--------+-----+--------+

Top non-repeatable levels by time:
     D:2: 1245 daAuts
     D:3: 1156 daAuts
     D:1: 999 daAuts
     D:4: 62 daAuts
